 Dungeon Crawl Stone Soup version 0.29-a0-338-g1ff7896281 (webtiles) character file.

Game seed: 11375488702300120955

305 spaghetti the Cudgeller (level 6, 0/62 HPs)
             Began as an Ogre Fighter on Apr 18, 2022.
             Succumbed to a water moccasin's poison
             ... on level 5 of the Dungeon.
             The game lasted 00:04:15 (3641 turns).

spaghetti the Cudgeller (Ogre Fighter)              Turns: 3641, Time: 00:04:16

Health: 0/62       AC:  3    Str: 21 (23) XL:     6   Next: 39%
Magic:  6/6        EV:  8    Int:  8 (9)  God:
Gold:   118        SH:  6    Dex:  5 (8)  Spells: 5/5 levels left

rFire   + . .      SeeInvis .   s - +0 short sword (venom) {short}
rCold   . . .      Faith    .   c - +0 kite shield
rNeg    . . .      Spirit   .   b - +0 robe
rPois   .          Reflect  .   (helmet restricted)
rElec   .          Harm     .   (no cloak)
rCorr   .          Rampage  .   (gloves unavailable)
Will    .....                   (boots unavailable)
Stlth   +.........              (no amulet)
HPRegen 0.20/turn               o - ring of protection from fire
MPRegen 0.10/turn               (no ring)

@: lethally poisoned (0 -> -5), hasted, very quick
A: large, unfitting armour, tough skin 1
a: no special abilities


You were on level 5 of the Dungeon.
You visited 1 branch of the dungeon, and saw 4 of its levels.

You collected 118 gold pieces.


Innate Abilities, Weirdness & Mutations

You are too large for most types of armour.
You have tough skin. (AC +1)


   Skills:
 - Level 4.0 Fighting
 + Level 6.0 Maces & Flails
 - Level 2.6 Dodging
 - Level 2.6 Shields


You had 5 spell levels left.
You didn't know any spells.
Your spell library was empty.

Inventory:

Hand Weapons
 a - a +0 flail {mace}
 d - a +1 giant spiked club {mace}
   (You took it off an ogre on level 5 of the Dungeon)
 s - a +0 short sword of venom (weapon) {short}
   (You took it off a kobold on level 2 of the Dungeon)
Missiles
 g - 72 stones (quivered) {throwing}
 h - 5 atropa-tipped darts {throwing}
 i - 4 poisoned darts {throwing}
Armour
 b - a +0 robe (worn)
 c - a +0 kite shield (worn)
Magical Staves
 w - a staff of fire {!astaff}
   (You found it on level 3 of the Dungeon)
Jewellery
 o - a ring of protection from fire (left hand)
   (You found it on level 2 of the Dungeon)
 q - a ring of fire
   (You found it on level 2 of the Dungeon)
Scrolls
 j - 3 scrolls of identify {@r1}
Potions
 e - a potion of cancellation
 p - a potion of haste {@q3}

Dungeon Overview and Level Annotations

Branches:
Dungeon (3/15)

Altars:

...##..#^ยงยง #...# #.#
...##..#.#.# #...# #.#
#......#######..####.######
#..###.............#......#
##.#####.#.....#.#.#####.##
.#>......#.......#S#...#.##
.....###...#h#####.#......#
.....# #.###.#####o###.####
.....# #.......w@Sl# #.#
.....# #####.####### #.#
.....# #.# #.# .....#####
#.# #.# .......... .# #.#
.....##### #.# ###### #.# #
######### #.# # #.......#
#.#


You could see a water moccasin (ally target), a friendly iguana (summoned), a
friendly dart slug (summoned) and a friendly orc (summoned).


Message History

It was a potion of heal wounds.
You feel much better. The water moccasin barely misses you.
The water moccasin bites you but does no damage. ๐Ÿ˜ฎ HP[+13]
You regained 13 hp, and now have 41/62 hp.
It was a potion of haste.
You feel yourself speed up. You block the water moccasin's attack.
It was a potion of degeneration.
There was something very wrong with that liquid.
You feel weakened.
You feel dopey.
You feel clumsy. The water moccasin closely misses you.
Unknown command.
You closely miss the water moccasin.
The water moccasin bites you. ๐Ÿ˜ฎ HP[-3]
You take 3 damage, and now have 38/62 hp.
You miss the water moccasin. The water moccasin barely misses you.
You closely miss the water moccasin.
The water moccasin bites you but does no damage. ๐Ÿ˜ฎ HP[+1]
You closely miss the water moccasin. The water moccasin closely misses you.
The water moccasin bites you. ๐Ÿ˜ฎ HP[-3]
You take 3 damage, and now have 36/62 hp.
You can't wield that with only one hand.
You closely miss the water moccasin. The water moccasin barely misses you.
You closely miss the water moccasin. The water moccasin barely misses you.
Okay, then.
Okay, then.
You miss the water moccasin. The water moccasin bites you!
* * * LOW HITPOINT WARNING * * *
You are poisoned.
The water moccasin poisons you! ๐Ÿ˜จ HP[-7]
You take 7 damage, and now have 29/62 hp.
Unknown command.
You barely miss the water moccasin.
You feel sick. The water moccasin bites you.
* * * LOW HITPOINT WARNING * * *
You are more poisoned.
The water moccasin poisons you! ๐Ÿ˜จ HP[-8]
You take 8 damage, and now have 21/62 hp.
Unknown command.
Okay, then.
* * * LOW HITPOINT WARNING * * *
You feel very sick. ๐Ÿ˜จ HP[-3]
You take 3 damage, and now have 18/62 hp.
* * * LOW HITPOINT WARNING * * *
You feel very sick. ๐Ÿ˜จ HP[-2]
You take 2 damage, and now have 16/62 hp.
* * * LOW HITPOINT WARNING * * *
You feel sick. ๐Ÿ˜ฑ HP[-2]
You take 2 damage, and now have 14/62 hp.
* * * LOW HITPOINT WARNING * * *
You feel sick. ๐Ÿ˜ฑ HP[-2]
You take 2 damage, and now have 12/62 hp.
You are seriously poisoned (12 -> 1).
Your actions are hasted.
Your movement speed is very quick.
Your attack delay is about 0.8 (and is slowed by your shield).
Your base attributes are Str 23, Int 9, Dex 8.
Unknown command.
Okay, then.
As you read the scroll of summoning, it crumbles to dust.
Wisps of shadow whirl around you...
* * * LOW HITPOINT WARNING * * *
You feel sick. Something closely misses your orc. The water moccasin bites you.
* * * LOW HITPOINT WARNING * * *
๐Ÿ˜ฑ HP[-8]
You take 8 damage, and now have 4/62 hp.
Unknown command.
Unknown command.
Okay, then.
You are lethally poisoned (4 -> -5).
Your actions are hasted.
Your movement speed is very quick.
Your attack delay is about 0.7 (and is slowed by your shield).
Your base attributes are Str 23, Int 9, Dex 8.
You hit the water moccasin but do no damage.
* * * LOW HITPOINT WARNING * * *
You feel sick. Something barely misses your orc.
The water moccasin closely misses you. ๐Ÿ˜ฑ HP[-2]
You take 2 damage, and now have 2/62 hp.
Unknown command.
Unknown command.
You barely miss the water moccasin.
* * * LOW HITPOINT WARNING * * *
You feel sick.
Your orc hits the water moccasin with a +0 whip.
Your iguana misses the water moccasin. Something bites your orc.
You block the water moccasin's attack. ๐Ÿ˜ฑ HP[-1]
You take 1 damage, and now have 1/62 hp.
Unknown command.
Unknown command.
You hit the water moccasin.
You die...

Skill      XL: |  1  2  3  4  5 |
---------------+----------------+-----
Maces & Flails | 2 3 4 6 |  6.0
Fighting       | |  4.0
Dodging        | |  2.6
Shields        | |  2.6

Action                   |  1- 3 |  4- 6 || total
-------------------------+-------+-------++-------
Melee: Flail             |    53 |    43 ||    96
       Short sword       |       |    79 ||    79
Throw: Dart              |     4 |       ||     4
  Use: Potion            |       |     7 ||     7
       Scroll            |       |     8 ||     8
 Stab: Sleeping          |     1 |       ||     1
Armor: Robe              |    18 |    32 ||    50
Dodge: Dodged            |    22 |    64 ||    86
Block: Kite shield       |    15 |    41 ||    56

Levels and vault maps discovered:
D:1:      mrwooster_arrival_statue, layout_basic
D:2:      minmay_alternating_diamond, layout_loops_cross,
          shapermc_ecumenical_altar_petra
D:3:      layout_basic, bloody_trog
D:5:      layout_basic, zin_angel, roderic_lattice_a, grunt_tough_drop

Notes
Turn   | Place    | Note
-------+----------+-------------------------------------------
     0 | D:1      | spaghetti the Ogre Fighter began the quest for the Orb.
     0 | D:1      | Reached XP level 1. HP: 24/24 MP: 1/1
     0 | D:1      | magus.rc [v1.9.6]
   139 | D:1      | Reached skill level 2 in Maces & Flails
   512 | D:1      | Reached XP level 2. HP: 32/32 MP: 2/2
  1147 | D:2      | Reached skill level 3 in Maces & Flails
  1166 | D:1      | Reached XP level 3. HP: 34/39 MP: 3/3
  1352 | D:2      | Noticed a scorpion
  1361 | D:2      | Killed a scorpion
  1362 | D:2      | Reached skill level 4 in Maces & Flails
  1362 | D:2      | Reached XP level 4. HP: 48/48 MP: 4/4
  1649 | D:2      | Reached XP level 5. HP: 24/54 MP: 5/5
  2522 | D:2      | Found a faded altar of an unknown god.
  2783 | D:3      | Reached skill level 5 in Maces & Flails
  2991 | D:3      | You fall into a shaft and drop 2 floors!
  2991 | D:5      | Entered Level 5 of the Dungeon
  3259 | D:5      | Noticed an ogre
  3271 | D:5      | Killed an ogre
  3272 | D:5      | Reached skill level 6 in Maces & Flails
  3272 | D:5      | Reached XP level 6. HP: 32/62 MP: 6/6
  3599 | D:5      | Noticed a black bear
  3608 | D:5      | Noticed a water moccasin
  3608 | D:5      | Noticed a black bear
  3636 | D:5      | HP: 14/62 [poisoned by a water moccasin]
  3638 | D:5      | HP: 4/62 [water moccasin (6)]
  3640 | D:5      | HP: 1/62 [poisoned by a water moccasin]
  3641 | D:5      | Succumbed to a water moccasin's poison

Vanquished Creatures
  An ogre (D:5)
  A scorpion (D:2)
  2 iguanas (D:5)
  7 adders
  A worm (D:2)
  A dart slug (D:2)
  2 orcs
  7 endoplasms
  2 giant cockroaches
  2 goblins
  4 hobgoblins (D:2)
  A quokka (D:2)
  4 ball pythons
  2 bats (D:1)
  A frilled lizard (D:1)
  5 kobolds
  5 rats
48 creatures vanquished.

Table legend:
 A = Non-vault XP
 B = Vault XP
 C = Vault XP percentage of total XP
 D = Non-vault monster count
 E = Vault monster count
 F = Vault count percentage of total count
                 A         B        C        D         E       F
            +---------+---------+-------+---------+---------+-------
      Total |     433 |       3 |   0.7 |      46 |       2 |   4.2
            +---------+---------+-------+---------+---------+-------
        D:1 |      29 |       1 |   3.3 |      12 |       1 |   7.7
        D:2 |     192 |       2 |   1.0 |      27 |       1 |   3.6
        D:3 |      16 |       0 |   0.0 |       3 |       0 |   0.0
        D:5 |     196 |       0 |   0.0 |       4 |       0 |   0.0
            +---------+---------+-------+---------+---------+-------

Illustrated notes

Table legend:
 A = Kills in this place as a percentage of kills in entire the game.
 B = Kills by you in this place as a percentage of kills by you in the entire game.
 C = Kills by friends in this place as a percentage of kills by friends in the entire game.
 D = Other kills in this place as a percentage of other kills in the entire game.
 E = Experience gained in this place as a percentage of experience gained in the entire game.
 F = Experience gained in this place divided by the number of levels of this place that you have seen.
                   A       B       C       D       E      F
               +-------+-------+-------+-------+-------+----------------------
         Total | 100.0 | 100.0 |   N/A |   N/A | 100.0 | 109.0
       Dungeon | 100.0 | 100.0 |   N/A |   N/A | 100.0 | 109.0
               +-------+-------+-------+-------+-------+----------------------

Table legend: (Time is in decaauts)
 A = Elapsed time spent in this place.
 B = Non-inter-level travel time spent in this place.
 C = Inter-level travel time spent in this place.
 D = Time resting spent in this place.
 E = Time spent auto-exploring this place.
 F = Levels seen in this place.
 G = Mean time per level.
                   A        B        C        D        E       F      G
               +--------+--------+--------+--------+--------+-----+--------+
         Total |   3690 |   3557 |    133 |    759 |   2349 |   4 |  922.5 |
       Dungeon |   3690 |   3557 |    133 |    759 |   2349 |   4 |  922.5 |
               +--------+--------+--------+--------+--------+-----+--------+

Top non-repeatable levels by time:
     D:2: 1583 daAuts
     D:1: 1199 daAuts
     D:5: 650 daAuts
     D:3: 257 daAuts
